 Dungeon Crawl Stone Soup version 0.28.0 (webtiles) character file.

Game seed: 3632011754570450631

234 danielguo94 the Cudgeller (level 6, -5/38 HPs)
             Began as a Gargoyle Fighter on Feb 5, 2022.
             Slain by Duvessa (8 damage)
             ... on level 3 of the Dungeon.
             The game lasted 00:03:11 (2871 turns).

danielguo94 the Cudgeller (Gargoyle Fighter)        Turns: 2871, Time: 00:03:11

Health: -5/38      AC: 11    Str: 22    XL:     6   Next: 5%
Magic:  6/6        EV:  9    Int:  8    God:
Gold:   84         SH:  4    Dex:  9    Spells: 5/5 levels left

rFire   . . .      SeeInvis .   a - +0 flail
rCold   . . .      Faith    .   c - +0 buckler
rNeg    + . .      Spirit   .   b - +0 scale mail
rPois   ∞          Reflect  .   (no helmet)
rElec   +          Harm     .   (no cloak)
rCorr   .          Rampage  .   (no gloves)
Will    .....                   (no boots)
Stlth   ..........              (no amulet)
HPRegen 0.12/turn               (no ring)
MPRegen 0.10/turn               (no ring)

@: mighty
A: sickness immunity, AC +4, negative energy resistance 1, electricity
resistance, torment resistance 1, petrification resistance
a: no special abilities


You were on level 3 of the Dungeon.
You visited 1 branch of the dungeon, and saw 4 of its levels.

You collected 84 gold pieces.

Inventory:

Hand Weapons
 a - a +0 flail (weapon)
Missiles
 e - 80 stones (quivered)
 p - 15 poisoned darts
 r - 6 boomerangs
Armour
 b - a +0 scale mail (worn)
 c - a +0 buckler (worn)
Scrolls
 f - a scroll of amnesia {unknown}
 g - a scroll of teleportation {unknown}
 h - 2 scrolls of identify {unknown}
 i - a scroll of magic mapping {unknown}
 j - 2 scrolls of fog
 m - a scroll of immolation {unknown}
 n - a scroll of blinking {unknown}
 q - 2 scrolls of enchant weapon {unknown}
Potions
 k - a potion of brilliance {unknown}
 l - a potion of haste {unknown}
 o - a potion of curing {unknown}


   Skills:
 + Level 3.9 Fighting
 * Level 4.7 Maces & Flails
 + Level 4.0 Armour
 + Level 0.9 Dodging
 + Level 4.0 Shields


You had 5 spell levels left.
You didn't know any spells.
Your spell library was empty.

Dungeon Overview and Level Annotations

Branches:
Dungeon (4/15)
 Temple: D:4-7

Altars:
Wu Jian
Xom

Annotations:
D:3 Dowan, Duvessa


Innate Abilities, Weirdness & Mutations

You are immune to sickness and miasma.
Your stone body is resilient. (AC +4)
You are immune to poison.
You resist negative energy. (rN+)
You are resistant to electric shocks. (rElec)
You are resistant to unholy torment.
You are immune to petrification.


Message History

You see here a +0 dagger.
An orc comes into view. It is wielding a +0 club.
The orc shouts!
You hear a shout!
The orc moves out of view.
Dowan is nearby!
Duvessa shouts!
Dowan shouts!
Dowan says, "My weaknesses are her strengths!"
Dowan points at you and mumbles some strange words.
The puff of frost hits you!
You see here a +0 dagger.
You sock the orc!
You kill the orc!
Dowan casts a spell at something.
Items here: )) [ †.
You barely miss Duvessa. Duvessa hits you but does no damage.
You hit Duvessa.
Duvessa is lightly wounded.
Duvessa hits you with a +0 short sword. Duvessa closely misses you.
Duvessa says, "Where magic fails, the sword succeeds!"
Duvessa hits you with a +0 short sword. Duvessa hits you but does no damage.
Duvessa hits you with a +0 short sword. Duvessa hits you with a +0 short sword.
There is a stone staircase leading up here.
Duvessa hits you with a +0 short sword. Dowan hits you with a +0 dagger.
* * * LOW HITPOINT WARNING * * *
You climb upwards.
There is a stone staircase leading down here.
Unknown command.
Unknown command.
Duvessa barely misses you. Duvessa hits you with a +0 short sword.
* * * LOW HITPOINT WARNING * * *
Dowan gestures wildly while chanting.
Dowan blinks!
Duvessa hits you with a +0 short sword.
* * * LOW HITPOINT WARNING * * *
You feel very mighty all of a sudden. Duvessa hits you with a +0 short sword!
You die...

#######.##...............#.......
..# #.##...............#.......
..# #.##...............######..
..# #.##......#.######## #..
..#####.##........# #..
..'.....##...>..###############..
..########....§.....e............
..# #######e#############... .##
#@#............... .#######
###..........#####.. .......#
#...................
...###.#######.#...............#.
...# #.##...##.#..........#######
...# #.##...##.#.................
...# #.##...##.#.................
...# #.##...##.#.................
...# #.##...##.#.................


You could see Duvessa (fast).

Vanquished Creatures
  A phantom (D:4)
  A howler monkey (D:4)
  Jessica (D:3)
  3 adders (D:3)
  An ufetubus (D:3)
  A dart slug (D:1)
  2 orcs
  5 ball pythons
  4 bats
  10 endoplasms
  5 goblins
  8 hobgoblins
  4 jackals (D:2)
  3 quokkas
  3 frilled lizards
  4 kobolds
  3 rats (D:1)
59 creatures vanquished.

Notes
Turn   | Place    | Note
-------+----------+-------------------------------------------
     0 | D:1      | danielguo94 the Gargoyle Fighter began the quest for the
                  | Orb.
     0 | D:1      | Reached XP level 1. HP: 14/14 MP: 1/1
    81 | D:1      | You fall into a shaft and drop 1 floor!
   279 | D:1      | Reached XP level 2. HP: 18/19 MP: 2/2
   705 | D:1      | Reached XP level 3. HP: 19/23 MP: 3/3
   751 | D:1      | Found a faded altar of an unknown god.
  1645 | D:3      | Reached XP level 4. HP: 27/29 MP: 4/4
  2060 | D:3      | Noticed Jessica
  2064 | D:3      | Killed Jessica
  2164 | D:3      | Found a shimmering altar of Xom.
  2361 | D:3      | Found an ornate altar of the Wu Jian Council.
  2468 | D:4      | Noticed Dowan
  2468 | D:4      | Noticed Duvessa
  2489 | D:3      | Reached XP level 5. HP: 23/33 MP: 5/5
  2577 | D:4      | Noticed a phantom
  2591 | D:4      | Killed a phantom
  2603 | D:4      | Reached XP level 6. HP: 13/38 MP: 6/6
  2871 | D:3      | Slain by Duvessa

Illustrated notes

Levels and vault maps discovered:
D:1:      minmay_arrival_jagged, layout_rooms,
          dilly_ecumenical_altar_fadedgnrine
D:2:      layout_rooms
D:3:      layout_basic, mainiacjoe_overflow_swirl, uniq_jessica
D:4:      layout_rooms, kennysheep_little_box, st_stairs_11, uniq_duvessa

Skill      XL: |  1  2  3  4  5 |
---------------+----------------+-----
Maces & Flails | 3 4 |  4.7
Armour         | 4 |  4.0
Shields        | 4 |  4.0
Fighting       | |  3.9
Dodging        | |  0.9

Action                   |  1- 3 |  4- 6 || total
-------------------------+-------+-------++-------
Melee: Flail             |   116 |    70 ||   186
  Use: Scroll            |       |     1 ||     1
       Potion            |       |     1 ||     1
Armor: Scale mail        |    71 |    36 ||   107
Dodge: Dodged            |    68 |    36 ||   104
Block: Buckler           |    25 |    19 ||    44
